 Dungeon Crawl Stone Soup version 0.21.1-1-g345015f (webtiles) character file.

289 tidbits the Grave Robber (level 6, 29/44 HPs)
             Began as a Gnoll Necromancer on June 27, 2018.
             Quit the game on level 5 of the Dungeon.
             The game lasted 00:07:17 (923 turns).

tidbits the Grave Robber (Gnoll Necromancer)         Turns: 923, Time: 00:07:18

Health: 29/44      AC:  4    Str: 11    XL:     6   Next: 31%
Magic:  6/14       EV: 14    Int: 19    God:
Gold:   86         SH:  0    Dex: 15    Spells: 7/15 levels left

rFire    . . .     SeeInvis .   a - +1 dagger (venom)
rCold    . . .     Gourm    .   (no shield)
rNeg     . . .     Faith    .   B - +0 leather armour
rPois    .         Spirit   .   (no helmet)
rElec    .         Reflect  .   C - +0 cloak
rCorr    .         Harm     .   (no gloves)
MR       .....                  (no boots)
Stlth    +++.......             (no amulet)
HPRegen  0.14/turn              (no ring)
MPRegen  0.14/turn              (no ring)

@: no status effects
A: distributed training, fangs 1, strong nose
a: no special abilities


You were on level 5 of the Dungeon.
You were not hungry.

You visited 1 branch of the dungeon, and saw 5 of its levels.

You collected 86 gold pieces.

Inventory:

Hand Weapons
 a - a +1 dagger of venom (weapon)
   (You found it on level 4 of the Dungeon)
 b - a +0 whip
 i - a cursed -3 short sword
 q - a +0 hunting sling
 s - a +0 dagger
 t - a +0 dagger
Missiles
 e - 2 stones (quivered)
Armour
 d - a +0 robe
 B - a +0 leather armour (worn)
 C - a +0 cloak (worn)
Scrolls
 f - a scroll of identify {unknown}
 h - 2 scrolls of magic mapping {unknown}
 j - a scroll of teleportation {unknown}
 k - a scroll of fear {unknown}
 m - 4 scrolls of remove curse
 o - a scroll of amnesia {unknown}
 p - a scroll of enchant weapon {unknown}
Potions
 l - a potion of curing {unknown}
 n - a potion of ambrosia
 r - a potion of resistance {unknown}
Books
 g - a book of Necromancy

   Spells                             Type                      Level
   a - Pain                           Necromancy                   1
   b - Animate Skeleton               Necromancy                   1
   c - Vampiric Draining              Necromancy                   3
   d - Regeneration                   Charms/Necromancy            3
   e - Animate Dead                   Necromancy                   4
   f - Borgnjor's Vile Clutch         Necromancy/Earth             5
Comestibles
 c - 4 rations


   Skills:
 + Level 1.8 Fighting
 + Level 1.8 Short Blades
 + Level 1.8 Long Blades
 + Level 1.8 Axes
 + Level 1.8 Maces & Flails
 + Level 1.8 Polearms
 + Level 1.8 Staves
 + Level 1.8 Slings
 + Level 1.8 Bows
 + Level 1.8 Crossbows
 + Level 1.8 Throwing
 + Level 1.8 Armour
 + Level 4.9 Dodging
 + Level 4.5 Stealth
 + Level 1.8 Shields
 + Level 1.8 Unarmed Combat
 + Level 5.3 Spellcasting
 + Level 1.4 Conjurations
 + Level 1.4 Hexes
 + Level 1.4 Charms
 + Level 1.4 Summonings
 + Level 7.2 Necromancy
 + Level 1.4 Translocations
 + Level 1.4 Transmutations
 + Level 1.4 Fire Magic
 + Level 1.4 Ice Magic
 + Level 1.4 Air Magic
 + Level 1.4 Earth Magic
 + Level 1.4 Poison Magic
 + Level 2.0 Invocations
 + Level 1.8 Evocations


You had 7 spell levels left.
You knew the following spells:

 Your Spells              Type           Power        Failure   Level  Hunger
a - Pain                  Necr           ####         1%          1    None
d - Vampiric Draining     Necr           ####......   2%          3    ##.....
n - Animate Skeleton      Necr           N/A          1%          1    None
r - Regeneration          Chrm/Necr      ###.......   8%          3    ##.....


Dungeon Overview and Level Annotations

Branches:
Dungeon (5/15)
 Temple: D:4-7

Altars:
Okawaru
Qazlal
Vehumet
Xom


Innate Abilities, Weirdness & Mutations

Your experience applies equally to all skills.
You have very sharp teeth.
Your uncanny sense of smell can sniff out nearby items.


Message History

You see here 12 gold pieces.
You now have 86 gold pieces (gained 12).
Found a runed dagger.
You see here a runed dagger.
t - a runed dagger Wield which item (- for none, * to show all)? (? for menu, Esc to quit)
Your +1 dagger of venom begins to drip with poison!
t - a +1 dagger of venom (weapon)
Adjust (i)tems, (s)pells, or (a)bilities?
Adjust which item? (? for menu, Esc to quit)
t - a +1 dagger of venom (weapon)
Adjust to which letter? (? for menu, Esc to quit)
a - a +1 dagger of venom (weapon);
t - a +0 dagger
Found a stone staircase leading down.
There is a stone staircase leading down here.
You climb downwards.
A hound and an ooze come into view.
Found a scale mail, 13 gold pieces and a chain mail.
There is a stone staircase leading up here.
Unknown command.
An ice beast comes into view.
Found a ration.
The hound barks!
The hound bites you but does no damage. The hound bites you but does no damage.
The hound closely misses you. The ice beast hits you.
The ice beast freezes you.
Found a stone staircase leading down.
The hound barely misses you. x2
The hound misses you.
You hit the hound.
The hound is poisoned.
You bite the hound, but do no damage.
The hound is lightly wounded.
The hound closely misses you.
You hit the hound.
The hound is heavily wounded.
The hound misses you.
You hit the hound.
The hound looks as sick as possible!
The hound is heavily wounded.
The hound misses you. The hound closely misses you.
You hit the hound but do no damage.
The hound is severely wounded.
The hound closely misses you.
You hit the hound.
You kill the hound!
You hit the ice beast but do no damage.
The ice beast hits you but does no damage.
You closely miss the ice beast.
The ice beast hits you but does no damage.
Casting: Pain
Confirm with . or Enter, or press ? or * to list all spells.
Aiming: Vampiric Draining
Press: ? - help, Shift-Dir - straight line, f - ice beast
Aim: an ice beast
Okay, then.
Casting: Vampiric Draining
Confirm with . or Enter, or press ? or * to list all spells.
Aiming: Vampiric Draining
Press: ? - help, Shift-Dir - straight line, f - ice beast
Aim: an ice beast The ice beast is moderately wounded.
You feel life coursing into your body. The ice beast closely misses you.
You closely miss the ice beast.
The ice beast is moderately wounded.
The ice beast hits you. The ice beast freezes you!
* * * LOW HITPOINT WARNING * * *
Casting: Vampiric Draining
Confirm with . or Enter, or press ? or * to list all spells.
Aiming: Vampiric Draining
Press: ? - help, Shift-Dir - straight line, f/p - ice beast
Aim: an ice beast (moderately wounded)
The ice beast is heavily wounded.
You feel life coursing into your body.
The ice beast hits you but does no damage.
Casting: Vampiric Draining
Confirm with . or Enter, or press ? or * to list all spells.
Aiming: Vampiric Draining
Press: ? - help, Shift-Dir - straight line, f/p - ice beast
Aim: an ice beast (heavily wounded)
You kill the ice beast!
Your Invocations skill increases to level 2!
You have reached level 6!
Your experience leads to an increase in your attributes!
Increase (S)trength, (I)ntelligence, or (D)exterity?
You feel clever.
You feel life coursing into your body.
You see here a hound corpse.
An ice beast comes into view.
You see here a ration.
c - 4 rations (gained 1)
You see here a hound corpse.
A quokka and a zombie come into view.
Found 13 bolts.
The quokka misses you. The quokka closely misses you.
Found 13 gold pieces.
You hit the centaur zombie.
You bite the centaur zombie, but do no damage.
The centaur zombie is lightly damaged.
The centaur zombie hits you. The quokka completely misses you.
Are you sure you want to abandon this character and quit the game? (Confirm with "yes".)

#........$#
#.........# ...J. ∆
#.........#
..#.####
#....(....#
....[..#
#.........#
..#..#.#.#
#.........#
.....#.#.#
#.Z.......#
.....#.#.#
#..@r.....#
.......#.#
#.........#
..<....#.#
####.######
..###..#.### #.#
...........# #.#
#.####.....######.#
#..........†......#
######.....########
#......#


You could see a centaur zombie and a quokka.

Vanquished Creatures
  An ice beast (D:5)
  A scorpion (D:3)
  A hound (D:5)
  A worker ant (D:3)
  3 adders
  An ooze (D:3)
  A worm (D:3)
  2 dart slugs
  4 leopard geckos
  5 orcs (D:3)
  A giant cockroach (D:1)
  5 goblins
  7 hobgoblins
  4 jackals (D:1)
  2 quokkas (D:2)
  4 bats
  2 frilled lizards
  2 kobolds (D:1)
  A leopard gecko skeleton (D:4)
  6 rats
54 creatures vanquished.

Notes
Turn   | Place    | Note
-------+----------+-------------------------------------------
     0 | D:1      | tidbits the Gnoll Necromancer began the quest for the Orb.
     0 | D:1      | Reached XP level 1. HP: 13/13 MP: 6/6
    14 | D:1      | Reached XP level 2. HP: 12/19 MP: 0/7
    96 | D:1      | HP: 2/20 [hobgoblin/club (3)]
   171 | D:1      | Learned a level 1 spell: Animate Skeleton
   203 | D:1      | Reached XP level 3. HP: 6/25 MP: 6/9
   209 | D:1      | Learned a level 3 spell: Vampiric Draining
   213 | D:1      | Learned a level 3 spell: Regeneration
   236 | D:1      | Reached skill level 5 in Spellcasting
   365 | D:1      | Reached skill level 1 in Invocations
   456 | D:2      | Found a radiant altar of Vehumet.
   456 | D:2      | Found a shimmering altar of Xom.
   457 | D:2      | Found an iron altar of Okawaru.
   559 | D:3      | Reached skill level 1 in Fighting
   559 | D:3      | Reached skill level 1 in Short Blades
   559 | D:3      | Reached skill level 1 in Long Blades
   559 | D:3      | Reached skill level 1 in Axes
   559 | D:3      | Reached skill level 1 in Maces & Flails
   559 | D:3      | Reached skill level 1 in Polearms
   559 | D:3      | Reached skill level 1 in Staves
   559 | D:3      | Reached skill level 1 in Slings
   559 | D:3      | Reached skill level 1 in Bows
   559 | D:3      | Reached skill level 1 in Crossbows
   559 | D:3      | Reached skill level 1 in Throwing
   559 | D:3      | Reached skill level 1 in Armour
   559 | D:3      | Reached skill level 1 in Shields
   559 | D:3      | Reached skill level 1 in Unarmed Combat
   559 | D:3      | Reached skill level 1 in Evocations
   559 | D:3      | Reached XP level 4. HP: 31/32 MP: 8/11
   653 | D:3      | Reached skill level 1 in Conjurations
   653 | D:3      | Reached skill level 1 in Hexes
   653 | D:3      | Reached skill level 1 in Charms
   653 | D:3      | Reached skill level 1 in Summonings
   653 | D:3      | Reached skill level 1 in Translocations
   653 | D:3      | Reached skill level 1 in Transmutations
   653 | D:3      | Reached skill level 1 in Fire Magic
   653 | D:3      | Reached skill level 1 in Ice Magic
   653 | D:3      | Reached skill level 1 in Air Magic
   653 | D:3      | Reached skill level 1 in Earth Magic
   653 | D:3      | Reached skill level 1 in Poison Magic
   654 | D:3      | Reached XP level 5. HP: 34/37 MP: 8/12
   698 | D:3      | Found a stormy altar of Qazlal.
   881 | D:5      | Entered Level 5 of the Dungeon
   883 | D:5      | Noticed an ice beast
   902 | D:5      | Killed an ice beast
   902 | D:5      | Reached skill level 2 in Invocations
   902 | D:5      | Reached XP level 6. HP: 23/44 MP: 3/14
   906 | D:5      | Noticed an ice beast
   923 | D:5      | Quit the game

Skill      XL: |  1  2  3  4  5 |
---------------+----------------+-----
Spellcasting   | 5 |  5.3
Invocations    | 1 2 |  2.0
Fighting       | 1 |  1.8
Short Blades   | 1 |  1.8
Long Blades    | 1 |  1.8
Axes           | 1 |  1.8
Maces & Flails | 1 |  1.8
Polearms       | 1 |  1.8
Staves         | 1 |  1.8
Slings         | 1 |  1.8
Bows           | 1 |  1.8
Crossbows      | 1 |  1.8
Throwing       | 1 |  1.8
Armour         | 1 |  1.8
Shields        | 1 |  1.8
Unarmed Combat | 1 |  1.8
Evocations     | 1 |  1.8
Conjurations   | 1 |  1.4
Hexes          | 1 |  1.4
Charms         | 1 |  1.4
Summonings     | 1 |  1.4
Translocations | 1 |  1.4
Transmutations | 1 |  1.4
Fire Magic     | 1 |  1.4
Ice Magic      | 1 |  1.4
Air Magic      | 1 |  1.4
Earth Magic    | 1 |  1.4
Poison Magic   | 1 |  1.4
Dodging        | |  4.9
Stealth        | |  4.5
Necromancy     | |  7.2

Action                   |  1- 3 |  4- 6 || total
-------------------------+-------+-------++-------
Melee: Whip              |    19 |     3 ||    22
       Bite              |     1 |     2 ||     3
       Dagger            |       |     9 ||     9
 Cast: Pain              |    40 |    38 ||    78
       Regeneration      |     2 |       ||     2
       Vampiric Draining |       |     3 ||     3
  Use: Potion            |     1 |     1 ||     2
       Scroll            |       |     1 ||     1
 Stab: Sleeping          |     1 |       ||     1
Armor: Robe              |     1 |       ||     1
       Leather armour    |     3 |     7 ||    10
Dodge: Dodged            |    21 |    24 ||    45

Table legend:
 A = Turns spent in this place as a percentage of turns spent in the entire game.
 B = Non-inter-level travel turns spent in this place as a percentage of non-inter-level travel turns spent in the entire game.
 C = Inter-level travel turns spent in this place as a percentage of turns spent in this place.
 D = Turns resting spent in this place as a percentage of non-inter-level travel turns spent in this place.
 E = Turns spent auto-exploring this place as a percentage of non-inter-level travel turns spent in this place.
 F = Non-inter-level travel turns spent in this place divided by the number of levels of this place that you've seen.
                   A       B       C       D       E      F
               +-------+-------+-------+-------+-------+----------------------
         Total | 100.0 | 100.0 |   2.7 |   0.0 |   0.0 | 179.6
       Dungeon | 100.0 | 100.0 |   2.7 |   0.0 |   0.0 | 179.6
               +-------+-------+-------+-------+-------+----------------------

Table legend:
 A = Kills in this place as a percentage of kills in entire the game.
 B = Kills by you in this place as a percentage of kills by you in the entire game.
 C = Kills by friends in this place as a percentage of kills by friends in the entire game.
 D = Other kills in this place as a percentage of other kills in the entire game.
 E = Experience gained in this place as a percentage of experience gained in the entire game.
 F = Experience gained in this place divided by the number of levels of this place that you have seen.
                   A       B       C       D       E      F
               +-------+-------+-------+-------+-------+----------------------
         Total | 100.0 | 100.0 |   N/A |   N/A | 100.0 |  82.8
       Dungeon | 100.0 | 100.0 |   N/A |   N/A | 100.0 |  82.8
               +-------+-------+-------+-------+-------+----------------------

Vault maps used:
D:1:      erik_arrival_cave_to_civilisation, due_unseen_surprise
D:2:      kennysheep_six_static_rooms, gammafunk_temple_overflow_claw,
          minmay_cupped
D:3:      lemuel_coloured_pillars_altar
D:5:      nicolae_ru_great_annihilating_truth, first_ration, lemuel_tele_altar,
          uniq_sigmund
